 Dungeon Crawl Stone Soup version 0.25-a0-860-gf695395b5c (webtiles) character file.

Game seed: 6177430483991064311, levelgen mode: deterministic

667 tilp the Bolt Thrower (level 7, -1/43 HPs)
             Began as a Kobold Arcane Marksman on Apr 29, 2020.
             Was an Initiate of Okawaru.
             Shot with an arrow by a centaur (10 damage)
             ... on level 5 of the Dungeon.
             The game lasted 00:13:42 (6262 turns).

tilp the Bolt Thrower (Kobold Arcane Marksman)      Turns: 6262, Time: 00:13:42

Health: -1/43      AC:  3    Str:  9    XL:     7   Next: 88%
Magic:  8/10       EV: 15    Int: 14    God:    Okawaru [......]
Gold:   235        SH:  0    Dex: 16    Spells: 5/10 levels left

rFire    . . .     SeeInvis .   a - +0 hand crossbow
rCold    . . .     Gourm    .   (shield restricted)
rNeg     . . .     Faith    .   e - +1 robe
rPois    .         Spirit   .   (no helmet)
rElec    .         Reflect  .   (no cloak)
rCorr    .         Harm     .   (no gloves)
MR       .....                  (no boots)
Stlth    +.........             (no amulet)
HPRegen  0.14/turn              (no ring)
MPRegen  0.12/turn              (no ring)

@: no status effects
A: small, carnivore
a: Renounce Religion


You were on level 5 of the Dungeon.
You worshipped Okawaru.
Okawaru was noncommittal.
You were very full.

You visited 1 branch of the dungeon, and saw 5 of its levels.

You collected 235 gold pieces.

Inventory:

Hand Weapons
 a - a +0 hand crossbow (weapon)
 b - a +2 hand axe of electrocution
 t - a cursed -1 spear
 x - a +2 hand axe of electrocution
Missiles
 f - 6 bolts (quivered)
 m - 3 boomerangs
 r - 27 poisoned darts
Armour
 e - a +1 robe (worn)
Jewellery
 i - an uncursed ring of stealth {unknown}
 o - a cursed -2 ring of protection {unknown}
 p - a cursed ring of teleportation {unknown}
 u - an uncursed ring of resist corrosion {unknown}
Scrolls
 d - a scroll of amnesia {unknown}
 l - a scroll of enchant armour
 n - a scroll of magic mapping {unknown}
Potions
 g - a potion of stabbing
 h - 2 potions of lignification
 j - a potion of flight
 k - 2 potions of ambrosia
 q - a potion of resistance
 s - a potion of magic {unknown}
 v - a potion of haste {unknown}
 w - a potion of heal wounds {unknown}
Comestibles
 c - 9 rations


   Skills:
 + Level 4.0 Fighting
 - Level 6.0 Crossbows
 + Level 2.4 Dodging
 + Level 0.0 Stealth
 - Level 2.0 Spellcasting
 - Level 6.0 Hexes
 + Level 0.0 Invocations


You had 5 spell levels left.
You knew the following spells:

 Your Spells              Type           Power        Failure   Level  Hunger
a - Corona                Hex            ###....      1%          1    ##.....
b - Slow                  Hex            ###.....     3%          2    ###....
c - Blink                 Tloc           N/A          34%         2    ###....

Your spell library contained the following spells:

 Spells                   Type           Power        Failure   Level  Hunger
 Inner Flame              Hex/Fire       #.......     21%         3    ####...
 Portal Projectile        Hex/Tloc       #.....       21%         3    ####...
 Cause Fear               Hex            ###.......   21%         4    #####..
 Magic Dart               Conj           #...         24%         1    ##.....
 Call Imp                 Summ           #.......     34%         2    ###....
 Conjure Flame            Conj/Fire      #.......     56%         3    ####...
 Mephitic Cloud           Conj/Pois/Air  #.......     56%         3    ####...
 Leda's Liquefaction      Hex/Erth       #.........   56%         4    #####..


Dungeon Overview and Level Annotations

Branches:
Dungeon (5/15)
 Temple: D:4-7

Altars:
Nemelex Xobeh
Okawaru
Ru
Vehumet

Annotations:
D:2 1 runed translucent door, Crazy Yiuf
D:3 exclusion: centaur, Grinder
D:5 Dowan, Duvessa, Eustachio


Innate Abilities, Weirdness & Mutations

You are small and have problems with some larger weapons.
You are carnivorous and can eat meat at any time.


Message History

There is an open door, spattered with blood here.
You see here an arrow.
You close the door, pushing everything out of the way.
You see here a sky beast corpse.
A centaur opens the door.
The centaur shoots an arrow.
The arrow hits you!
* * * LOW HITPOINT WARNING * * *
You see here an arrow.
Casting: Corona (safe; 1% risk of failure)
Confirm with . or Enter, or press ? or * to list all spells.
Aiming: Slow (safe; 3% risk of failure)
Press: ? - help, Shift-Dir - straight line, f/p - centaur
Aim: a centaur, wielding a +0 shortbow and quivering 15 arrows (lightly wounded, chance to defeat MR: 56%)
The centaur resists with significant effort.
The centaur shoots an arrow.
The arrow hits you!
* * * LOW HITPOINT WARNING * * *
You hear a shout!
The centaur shoots an arrow.
The arrow closely misses you.
The centaur shoots an arrow.
The arrow hits you!
You die...

#........##☼§○§.# #....
#........##§☼§§§# #.......
#..>.....##☼○§§○# #.###.......
#........##○§°☼.# #...........
#........##§○○○°# ...........
#........######## ..........
#........########
#.......########................
........c....(.@................
###...(########................
###....#### #................
#.....(...# ..................
###....(....# ..................
......(.....# ...................
............##................._.
......(.....##.................(.
............##.@................<


You could see a centaur.

Vanquished Creatures
  A sky beast (D:5)
  A black bear (D:4)
  A phantom (D:4)
  An ogre (D:4)
  A crimson imp (D:5)
  3 orc wizards
  A worker ant zombie (D:5)
  A howler monkey skeleton (D:4)
  11 adders
  An ooze (D:2)
  A worm (D:2)
  6 leopard geckos
  6 orcs
  5 bats
  A giant cockroach (D:4)
  2 goblins
  7 hobgoblins
  6 jackals (D:1)
  3 ball pythons
  7 frilled lizards
  9 kobolds
  6 rats
81 creatures vanquished.

Notes
Turn   | Place    | Note
-------+----------+-------------------------------------------
     0 | D:1      | tilp the Kobold Arcane Marksman began the quest for the
                  | Orb.
     0 | D:1      | Reached XP level 1. HP: 12/12 MP: 2/2
   268 | D:1      | Reached XP level 2. HP: 16/16 MP: 1/3
   272 | D:1      | Learned a level 2 spell: Slow
  1234 | D:1      | Reached XP level 3. HP: 20/20 MP: 2/4
  2467 | D:2      | Reached XP level 4. HP: 23/25 MP: 5/5
  2595 | D:2      | Reached skill level 5 in Crossbows
  3092 | D:2      | Found a runed translucent door.
  3093 | D:2      | Noticed Crazy Yiuf
  3174 | D:2      | Reached XP level 5. HP: 23/29 MP: 2/6
  3650 | D:3      | Noticed Grinder
  3838 | D:3      | Learned a level 2 spell: Blink
  4021 | D:3      | Noticed a centaur
  4312 | D:3      | Found a sacrificial altar of Ru.
  4568 | D:4      | Noticed an ogre
  4575 | D:4      | Killed an ogre
  4575 | D:4      | Reached XP level 6. HP: 38/38 MP: 4/7
  4719 | D:4      | Noticed a black bear
  4760 | D:4      | Killed a black bear
  4981 | D:4      | Reached XP level 7. HP: 32/43 MP: 8/10
  5530 | D:5      | Entered Level 5 of the Dungeon
  5549 | D:5      | Found an iron altar of Okawaru.
  5575 | D:5      | Reached skill level 5 in Hexes
  5579 | D:5      | Became a worshipper of Warmaster Okawaru
  5914 | D:5      | Found a radiant altar of Vehumet.
  5988 | D:5      | Found a sparkling altar of Nemelex Xobeh.
  6033 | D:5      | Noticed Eustachio
  6248 | D:5      | Noticed Duvessa
  6248 | D:5      | Noticed Dowan
  6262 | D:5      | Shot with an arrow by a centaur

Levels and vault maps discovered:
D:1:      dpeg_arrival_boxes_within_box, layout_basic
D:2:      layout_basic, uniq_crazy_yiuf_cottage
D:3:      layout_loops_ring, nicolae_ru_the_path_less_chosen, uniq_grinder
D:4:      layout_cave_pools, first_ration, minmay_misc_feat_nine_boxes
D:5:      layout_basic, fiery_altar_vehumet, overflow_temple_1_default,
          nemelex_altar_shiori, uniq_duvessa, uniq_eustachio, uniq_menkaure

Skill      XL: |  1  2  3  4  5  6  7 |
---------------+----------------------+-----
Crossbows      | 3 4 5 6 |  6.0
Fighting       | 3 4 |  4.0
Spellcasting   | 2 |  2.0
Hexes          | 4 6 |  6.0
Dodging        | |  2.4

Action                   |  1- 3 |  4- 6 |  7- 9 || total
-------------------------+-------+-------+-------++-------
Melee: Short sword       |    11 |       |       ||    11
       Whip              |    88 |    95 |     6 ||   189
       Hand axe          |       |       |     4 ||     4
 Fire: Hand crossbow     |    42 |    66 |    56 ||   164
Throw: Boomerang         |       |       |     4 ||     4
 Cast: Corona            |    28 |    23 |     3 ||    54
       Slow              |       |     3 |     1 ||     4
  Use: Scroll            |     2 |     5 |     1 ||     8
       Potion            |       |     1 |       ||     1
 Stab: Sleeping          |       |     1 |       ||     1
  Eat: Chunk             |    14 |     9 |     3 ||    26
Armor: Robe              |    23 |    13 |     3 ||    39
       Skin              |       |    19 |       ||    19
Dodge: Dodged            |   118 |    93 |    20 ||   231

Table legend:
 A = Non-vault XP
 B = Vault XP
 C = Vault XP percentage of total XP
 D = Non-vault monster count
 E = Vault monster count
 F = Vault count percentage of total count
                 A         B        C        D         E       F
            +---------+---------+-------+---------+---------+-------
      Total |     954 |       0 |   0.0 |      81 |       0 |   0.0
            +---------+---------+-------+---------+---------+-------
        D:1 |      43 |       0 |   0.0 |      25 |       0 |   0.0
        D:2 |     115 |       0 |   0.0 |      23 |       0 |   0.0
        D:3 |      51 |       0 |   0.0 |      12 |       0 |   0.0
        D:4 |     491 |       0 |   0.0 |      14 |       0 |   0.0
        D:5 |     254 |       0 |   0.0 |       7 |       0 |   0.0
            +---------+---------+-------+---------+---------+-------
